 Dungeon Crawl Stone Soup version 0.21-a0-414-gba8bdf1 (webtiles) character file.

95 slep the Shield-Bearer (level 4, -1/37 HPs)
             Began as a Formicid Fighter on Nov 3, 2017.
             Slain by a gnoll (6 damage)
             ... on level 3 of the Dungeon.
             The game lasted 00:05:10 (1474 turns).

slep the Shield-Bearer (Formicid Fighter)           Turns: 1474, Time: 00:05:10

Health: -1/37      AC:  7    Str: 20    XL:     4   Next: 95%
Magic:  4/4        EV:  8    Int:  8    God:
Gold:   120        SH:  9    Dex: 11    Spells: 3/3 levels left

rFire    . . .     SeeInvis +   a - +0 long sword
rCold    . . .     Gourm    +   c - +0 shield
rNeg     . . .     Faith    .   b - +0 scale mail
rPois    .         Spirit   .   (helmet unavailable)
rElec    .         Reflect  .   (no cloak)
rCorr    .         Harm     .   (no gloves)
MR       .....                  (no boots)
Stlth    ..........             o - amulet of the gourmand
HPRegen  0.12/turn              (no ring)
MPRegen  0.09/turn              (no ring)

@: no status effects
A: permanent stasis, dig shafts and tunnels, four strong arms, antennae 3
a: Dig, Shaft Self


You were on level 3 of the Dungeon.
You were hungry.

You visited 1 branch of the dungeon, and saw 3 of its levels.

You collected 120 gold pieces.

Inventory:

Hand Weapons
 a - a +0 long sword (weapon)
Armour
 b - a +0 scale mail (worn)
 c - a +0 shield (worn)
Jewellery
 o - an amulet of the gourmand (around neck)
Scrolls
 e - a scroll of enchant weapon {unknown}
 g - 3 scrolls of remove curse {unknown}
 h - 3 scrolls of identify {unknown}
 k - a scroll of noise {unknown}
 p - a scroll of recharging {unknown}
Potions
 d - 2 potions of might
 j - a potion of resistance {unknown}
 l - a potion of degeneration {unknown}
 m - a potion of berserk rage {unknown}
 n - 2 potions of mutation {unknown}
Comestibles
 f - a bread ration
 i - 4 fruits


   Skills:
 + Level 3.9 Fighting
 + Level 3.0 Long Blades
 + Level 4.2 Armour
 + Level 0.1 Dodging
 + Level 4.2 Shields


You had 3 spell levels left.
You didn't know any spells.

Dungeon Overview and Level Annotations

Branches:
Dungeon (3/15)

Altars:
Kikubaaqudgha


Innate Abilities, Weirdness & Mutations

You cannot be hasted, slowed, berserked, paralysed or teleported.
You can dig through walls and to a lower floor.
Your four strong arms can wield two-handed weapons with a shield.
You have a pair of large antennae on your head. (SInv)


Message History

You block the gnoll's attack.
You hit the gnoll.
The gnoll is moderately wounded.
You block the gnoll's attack.
You hit the gnoll but do no damage.
The gnoll is moderately wounded.
The gnoll closely misses you.
You hit the gnoll.
The gnoll is severely wounded.
The gnoll hits you.
* * * LOW HITPOINT WARNING * * *
You hit the gnoll.
The gnoll is almost dead.
The gnoll barely misses you.
You riposte.
You closely miss the gnoll.
The gnoll is almost dead.
The gnoll barely misses you.
Your shield and scale mail prevent you from hitting the gnoll.
The gnoll is almost dead.
The gnoll hits you.
You die...

.###########
...........#
##.###.##.#
#<##@#
#.##g#
.#.#.# ##
##.# #.# #.#
..# ###


You could see a gnoll.

Vanquished Creatures
  An adder (D:2)
  4 gnolls
  4 oozes
  A worm (D:2)
  A dart slug (D:1)
  2 giant cockroaches (D:2)
  4 goblins
  2 hobgoblins (D:1)
  2 kobolds (D:1)
  3 bats
  A frilled lizard (D:1)
  4 rats
29 creatures vanquished.

Notes
Turn   | Place    | Note
-------+----------+-------------------------------------------
     0 | D:1      | slep the Formicid Fighter began the quest for the Orb.
     0 | D:1      | Reached XP level 1. HP: 18/18 MP: 1/1
    56 | D:1      | Reached XP level 2. HP: 23/24 MP: 2/2
   302 | D:1      | Reached XP level 3. HP: 29/29 MP: 3/3
   777 | D:2      | Found an ancient bone altar of Kikubaaqudgha.
   787 | D:2      | Reached XP level 4. HP: 21/37 MP: 4/4
  1474 | D:3      | Slain by a gnoll

Vault maps used:
D:1:      minmay_arrival_diagonal_passages
D:2:      old_standard_altar
D:3:      bloody_trog

Skill      XL: |  1  2  3  4 |
---------------+-------------+-----
Shields        | 4 |  4.2
Armour         | 4 |  4.2
Long Blades    | 3 |  3.0
Fighting       | |  3.9
Dodging        | |  0.1

Action                   |  1- 3 |  4- 6 || total
-------------------------+-------+-------++-------
Melee: Long sword        |    56 |    42 ||    98
  Eat: Chunk             |       |     1 ||     1
Armor: Scale mail        |    17 |    11 ||    28
Dodge: Dodged            |    14 |    13 ||    27
Block: Shield            |    23 |    22 ||    45
       Rpst.: Long sword |     5 |     3 ||     8

Table legend:
 A = Spawn XP
 B = Non-spawn XP
 C = Spawn XP percentage of total XP
 D = Spawn monster count
 E = Non-spawn monster count
 F = Spawn count percentage of total count
 G = Total turns spent on level
                    A         B        C        D         E        F      G
               +---------+---------+-------+---------+---------+-------+---------
         Total |       0 |     136 |   0.0 |       0 |      29 |   0.0 |  1474
               +---------+---------+-------+---------+---------+-------+---------
           D:1 |       0 |      40 |   0.0 |       0 |      14 |   0.0 |   657
           D:2 |       0 |      52 |   0.0 |       0 |      12 |   0.0 |   786
           D:3 |       0 |      44 |   0.0 |       0 |       3 |   0.0 |    31
               +---------+---------+-------+---------+---------+-------+---------
